 Dungeon Crawl Stone Soup version 0.27-a0-1071-ga85bd9520d (webtiles) character file.

Game seed: 528635702564394656

1887 voltaire321 the Ruffian (level 8, -6/78 HPs)
             Began as a Troll Transmuter on Apr 24, 2021.
             Was a Follower of Wu Jian.
             Shot with an arrow by a centaur (7 damage)
             ... on level 6 of the Dungeon.
             The game lasted 00:21:25 (4851 turns).

voltaire321 the Ruffian (Troll Transmuter)          Turns: 4851, Time: 00:21:26

Health: -6/78      AC:  5    Str: 19    XL:     8   Next: 92%
Magic:  11/11      EV: 10    Int: 11    God:    Wu Jian [*.....]
Gold:   422        SH:  0    Dex: 10    Spells: 7/13 levels left

rFire    . . .     SeeInvis .     - Unarmed
rCold    . . .     Faith    .   (no shield)
rNeg     . . .     Spirit   .   a - +1 robe
rPois    .         Reflect  .   (helmet restricted)
rElec    .         Harm     .   (no cloak)
rCorr    .         Rampage  .   (gloves unavailable)
Will     .....                  (boots unavailable)
Stlth    +.........             (no amulet)
HPRegen  1.23/turn              (no ring)
MPRegen  0.12/turn              (no ring)

@: no status effects
A: large, unfitting armour, claws 3, regeneration 1, shaggy fur 1, tough skin 1
a: Renounce Religion


You were on level 6 of the Dungeon.
You worshipped Wu Jian.
Wu Jian was aware of your devotion.
You visited 2 branches of the dungeon, and saw 7 of its levels.

You collected 422 gold pieces.

Inventory:

Hand Weapons
 i - the +1 mace of Pytzy {freeze, rElec rN+ Dex+3 Stlth+}
   (You found it on level 5 of the Dungeon)

   It has been specially enchanted to freeze those struck by it, causing extra
   injury to most foes and up to half again as much damage against particularly
   susceptible opponents.
   It can also slow down cold-blooded creatures.
   It affects your dexterity (+3).
   It insulates you from electricity.
   It protects you from negative energy.
   It makes you more stealthy.
Missiles
 k - 8 boomerangs (quivered)
Armour
 a - a +1 robe (worn)
Jewellery
 j - a ring of ice
Wands
 c - a wand of iceblast (7)
Scrolls
 b - 2 scrolls of identify
 f - 2 scrolls of enchant armour
 h - 3 scrolls of brand weapon
 n - a scroll of teleportation
 o - a scroll of holy word
Potions
 d - 4 potions of flight
 m - a potion of lignification


   Skills:
 + Level 3.9 Fighting
 + Level 2.2 Throwing
 + Level 4.2 Dodging
 + Level 5.6 Unarmed Combat
 + Level 3.2 Spellcasting
 + Level 3.8 Transmutations
 - Level 2.0 Poison Magic


You had 7 spell levels left.
You knew the following spells:

 Your Spells              Type           Power      Damage    Failure   Level
a - Beastly Appendage     Tmut           20%        N/A       5%          1
b - Wereblood             Tmut           10%        N/A       8%          2
c - Spider Form           Tmut/Pois      4%         N/A       22%         3

Your spell library contained the following spells:

 Spells                   Type           Power      Damage    Failure   Level
 Corona                   Hex            1%         N/A       26%         1
 Magic Dart               Conj           4%         1d3       26%         1
 Summon Small Mammal      Summ           4%         N/A       26%         1
 Call Imp                 Summ           1%         N/A       36%         2
 Ensorcelled Hibernation  Hex/Ice        2%         N/A       36%         2
 Searing Ray              Conj           2%         3d3       36%         2
 Call Canine Familiar     Summ           1%         N/A       61%         3
 Confusing Touch          Hex            1%         N/A       61%         3
 Dazzling Flash           Conj/Hex       2%         N/A       61%         3
 Summon Guardian Golem    Hex/Summ       1%         N/A       61%         3
 Tukima's Dance           Hex            1%         N/A       61%         3
 Ice Form                 Ice/Tmut       6%         N/A       75%         4
 Hydra Form               Tmut           5%         N/A       82%         5
 Fulminant Prism          Conj/Hex       0%         3d6       95%         4
 Iskenderun's Mystic Bla  Conj/Tloc      1%         2d3       95%         4
 Summon Ice Beast         Ice/Summ       1%         N/A       95%         4
 Summon Lightning Spire   Summ/Air       1%         N/A       95%         4


Dungeon Overview and Level Annotations

Branches:
Dungeon (6/15)             Temple (1/1) D:4

Altars:
Ashenzari
Cheibriados
Elyvilon
Hepliaklqana
Kikubaaqudgha
Makhleb
Nemelex Xobeh
Okawaru
Sif Muna
Wu Jian
Xom
Zin

Shops:
D:4 =


Innate Abilities, Weirdness & Mutations

You are too large for most types of armour.
You have claws for hands.
Your natural rate of healing is unusually fast.
You are covered in fur. (AC +1)
You have tough skin. (AC +1)


Message History

Aim: a centaur, wielding a +0 shortbow and quivering arrows (69% to hit)
You throw a boomerang.
The boomerang barely misses the centaur.
The centaur shouts!
The centaur shoots an arrow.
The arrow hits you.
The centaur shoots an arrow.
The arrow closely misses you.
The centaur shoots an arrow.
The arrow hits you.
The centaur shoots an arrow.
The arrow hits you.
The centaur shoots an arrow.
The arrow closely misses you.
You hear a shout!
You start resting.
HP restored.
The centaur shoots an arrow.
The arrow hits you!
The centaur shoots an arrow.
The arrow misses you.
The centaur shoots an arrow.
The arrow hits you.
The centaur shoots an arrow.
The arrow hits you!
The centaur shoots an arrow.
The arrow closely misses you.
You start resting.
HP restored.
The centaur shoots an arrow.
The arrow hits you.
The centaur shoots an arrow.
The arrow hits you!
The centaur shoots an arrow.
The arrow hits you!
You hear a shout! x2
The centaur shoots an arrow.
The arrow hits you!
The centaur shoots an arrow.
The arrow barely misses you.
The centaur shoots an arrow.
The arrow hits you!
The centaur shoots an arrow.
The arrow barely misses you.
The centaur shoots an arrow.
The arrow closely misses you.
The centaur shoots an arrow.
The arrow hits you!
The centaur shoots an arrow.
The arrow hits you.
* * * LOW HITPOINT WARNING * * *
The centaur shoots an arrow.
The arrow hits you.
* * * LOW HITPOINT WARNING * * *
The centaur shoots an arrow.
The arrow hits you!
* * * LOW HITPOINT WARNING * * *
The centaur shoots an arrow.
The arrow barely misses you.
The centaur shoots an arrow.
The arrow completely misses you.
The centaur shoots an arrow.
The arrow hits you!
* * * LOW HITPOINT WARNING * * *
The centaur shoots an arrow.
The arrow hits you.
* * * LOW HITPOINT WARNING * * *
The centaur shoots an arrow.
The arrow barely misses you.
The centaur shoots an arrow.
The arrow hits you!
You die...

#...#.###.#.##....#......#.#.#.#
#####...#.#.##....#######.#.#.#.
###.#...##....#......#.#.#.#
#######.##########......#.#.#.#.
#................#.......#.#.#.#
#.......########.#......#.#.#.#.
#.......# #............#.≈≈≈≈#
#######.# #....#......≈≈≈≈≈≈≈≈
##.#####.#@....#≈≈≈≈≈≈≈≈≈≈≈
#...........#≈≈≈≈≈≈≈≈≈≈≈≈≈≈
##..######.#≈≈≈≈≈≈≈≈..≈≈≈≈≈
#####.######..≈≈≈≈≈≈......≈≈≈
#...........#.≈≈≈≈≈cc.[ ..≈≈
#..########!#.≈≈≈≈≈c.. .≈≈
#.......###.##≈≈≈≈c. ≈≈
#..............≈≈≈cc #..≈≈
#.###.#.######.≈≈≈.. #.≈≈≈


You could see 5 centaurs.

Vanquished Creatures
  Purgy (D:3)
  2 sky beasts (D:6)
  A necrophage (D:6)
  4 ogres
  A centaur (D:6)
  2 phantoms
  2 scorpions
  A centaur skeleton (D:6)
  4 hounds
  2 orc priests (D:6)
  A jelly (D:3)
  Jessica (D:3)
  Ijyb (D:4)
  4 iguanas
  6 orc wizards
  7 gnolls
  9 adders
  A white imp (D:6)
  2 ufetubi
  2 adder skeletons
  A worm (D:2)
  2 dart slugs
  27 orcs
  4 ball pythons
  7 bats
  8 endoplasms
  4 giant cockroaches
  6 goblins
  7 hobgoblins
  4 jackals
  4 quokkas
  10 kobolds
  8 rats
146 creatures vanquished.

Vanquished Creatures (others)
  4 toadstools (D:4)
4 creatures vanquished.

Grand Total: 150 creatures vanquished

Notes
Turn   | Place    | Note
-------+----------+-------------------------------------------
     0 | D:1      | voltaire321 the Troll Transmuter began the quest for the
                  | Orb.
     0 | D:1      | Reached XP level 1. HP: 18/18 MP: 1/1
   148 | D:1      | Found a faded altar of an unknown god.
   273 | D:1      | Reached skill level 1 in Fighting
   278 | D:1      | Reached XP level 2. HP: 27/27 MP: 3/3
   308 | D:1      | You fall into a shaft and drop 1 floor!
   318 | D:2      | Reached XP level 3. HP: 20/33 MP: 2/4
   478 | D:1      | Learned a level 2 spell: Wereblood
   785 | D:2      | Found a shimmering blue altar of Sif Muna.
   807 | D:2      | Reached XP level 4. HP: 41/41 MP: 3/5
  1343 | D:3      | Noticed Purgy
  1352 | D:3      | Killed Purgy
  1353 | D:3      | Reached XP level 5. HP: 34/49 MP: 2/7
  1396 | D:3      | Learned a level 3 spell: Spider Form
  1535 | D:3      | Noticed Jessica
  1542 | D:3      | Killed Jessica
  1543 | D:3      | Reached skill level 4 in Unarmed Combat
  1618 | D:3      | Reached XP level 6. HP: 51/57 MP: 6/8
  2017 | D:4      | Found Plog's Jewellery Emporium.
  2093 | D:4      | Noticed Ijyb
  2115 | D:4      | Killed Ijyb
  2166 | D:4      | Reached XP level 7. HP: 66/66 MP: 7/9
  2209 | D:4      | Found a staircase to the Ecumenical Temple.
  2348 | Temple   | Entered the Ecumenical Temple
  2386 | Temple   | Became a worshipper of the Wu Jian Council
  2664 | D:4      | Reached skill level 1 in Poison Magic
  3028 | D:5      | Entered Level 5 of the Dungeon
  3041 | D:5      | Identified the +1 mace of Pytzy {freeze, rElec rN+ Dex+3
                  | Stlth+}
  3944 | D:6      | Reached skill level 5 in Unarmed Combat
  3944 | D:6      | Reached XP level 8. HP: 75/75 MP: 9/11
  3996 | D:6      | Reached * piety under Wu Jian
  4003 | D:6      | Reached skill level 1 in Throwing
  4851 | D:6      | HP: 1/78 [centaur/arrow (4)]
  4851 | D:6      | Shot with an arrow by a centaur

Illustrated notes

Levels and vault maps discovered:
D:1:      evilmike_arrival_hilbert_curve, layout_basic,
          ebering_ecumenical_altar_rust, minmay_tall_x
D:2:      layout_rooms, basic_altar
D:3:      layout_basic, uniq_jessica, uniq_purgy
D:4:      layout_gridville, temple_statues, serial_shops, shop,
          minmay_gold_behind_fungi, minmay_misc_feat_five, uniq_ijyb
D:5:      layout_basic, st_stairs_6
D:6:      lemuel_ice_spiral_2, layout_basic, centaur_isle
Temple:   nicolae_temple_elliptical

Skill      XL: |  1  2  3  4  5  6  7  8 |
---------------+-------------------------+-----
Fighting       | 1 2 3 |  3.9
Dodging        | 2 3 4 |  4.2
Transmutations | 2 3 |  3.8
Spellcasting   | 2 3 |  3.2
Unarmed Combat | 4 5 |  5.6
Poison Magic   | 1 2 |  2.0
Throwing       | 2 |  2.2

Action                   |  1- 3 |  4- 6 |  7- 9 || total
-------------------------+-------+-------+-------++-------
Melee: Unarmed           |    71 |   119 |   176 ||   366
       Headbutt          |     3 |    14 |    16 ||    33
       Kick              |    10 |    23 |    30 ||    63
       Punch             |       |     1 |     4 ||     5
Throw: Boomerang         |       |       |     1 ||     1
 Cast: Beastly Appendage |    13 |    24 |    23 ||    60
       Wereblood         |       |     1 |     6 ||     7
Invok: Lunge             |       |       |    12 ||    12
       Whirlwind         |       |       |     1 ||     1
  Use: Scroll            |       |     7 |     6 ||    13
 Stab: Sleeping          |     1 |       |     1 ||     2
Armor: Robe              |    24 |    25 |    44 ||    93
Dodge: Dodged            |    42 |    57 |    83 ||   182

Table legend: (Time is in decaauts)
 A = Elapsed time spent in this place.
 B = Non-inter-level travel time spent in this place.
 C = Inter-level travel time spent in this place.
 D = Time resting spent in this place.
 E = Time spent auto-exploring this place.
 F = Levels seen in this place.
 G = Mean time per level.
                   A        B        C        D        E       F      G
               +--------+--------+--------+--------+--------+-----+--------+
         Total |   4823 |   4435 |    388 |    274 |   2903 |   7 |  689.0 |
       Dungeon |   4728 |   4352 |    376 |    274 |   2826 |   6 |  788.0 |
        Temple |     94 |     82 |     12 |      0 |     77 |   1 |   94.0 |
               +--------+--------+--------+--------+--------+-----+--------+

Top non-repeatable levels by time:
     D:4: 947 daAuts
     D:6: 942 daAuts
     D:5: 868 daAuts
     D:1: 711 daAuts
     D:3: 659 daAuts
     D:2: 600 daAuts
  Temple: 94 daAuts
